 Dungeon Crawl Stone Soup version 0.28-a0-1128-gb845255321 (webtiles) character file.

Game seed: 164470612990316715

8 Essalna the Firebug (level 2, -1/19 HPs)
             Began as a Demonspawn Fire Elementalist on Dec 12, 2021.
             Slain by a goblin (3 damage)
             ... on level 1 of the Dungeon.
             The game lasted 00:00:52 (334 turns).

Essalna the Firebug (Demonspawn Fire Elementalist)   Turns: 334, Time: 00:00:52

Health: -1/19      AC:  2    Str:  8    XL:     2   Next: 0%
Magic:  1/5        EV: 12    Int: 16    God:
Gold:   10         SH:  0    Dex: 13    Spells: 4/5 levels left

rFire   . . .      SeeInvis .   (no weapon)
rCold   . . .      Faith    .   (no shield)
rNeg    . . .      Spirit   .   a - +0 robe
rPois   .          Reflect  .   (no helmet)
rElec   .          Harm     .   (no cloak)
rCorr   .          Rampage  .   (no gloves)
Will    .....                   (no boots)
Stlth   ++........              (no amulet)
HPRegen 0.06/turn               (no ring)
MPRegen 0.09/turn               (no ring)

@: no status effects
A: weakness stinger 1
a: no special abilities


You were on level 1 of the Dungeon.
You visited 1 branch of the dungeon, and saw 1 of its levels.

You collected 10 gold pieces.

Inventory:

Armour
 a - a +0 robe (worn)
Scrolls
 c - a scroll of blinking {unknown}
Potions
 b - a potion of berserk rage {unknown}


   Skills:
 - Level 1.7 Dodging
 - Level 1.7 Stealth
 + Level 2.2 Spellcasting
 + Level 1.3 Conjurations
 + Level 2.9 Fire Magic


You had 4 spell levels left.
You knew the following spells:

 Your Spells              Type           Power      Damage    Failure   Level
a - Foxfire               Conj/Fire      32%        2x1d5     9%          1

Your spell library contained the following spells:

 Spells                   Type           Power      Damage    Failure   Level
 Scorch                   Fire           22%        2d6       10%         2
 Conjure Flame            Conj/Fire      8%         6-21      26%         3
 Inner Flame              Hex/Fire       6%         N/A       32%         3
 Flame Wave               Conj/Fire      8%         2d4       63%         4


Dungeon Overview and Level Annotations

Branches:
Dungeon (1/15)

Altars:


Innate Abilities, Weirdness & Mutations

You have a small tail.


Message History

You kill the kobold!
A rat comes into view.
The foxfire hits the rat.
The rat is moderately wounded.
You see here a scroll labelled XAAGOB ZAPP.
A hobgoblin comes into view.
The hobgoblin shouts!
The rat bites you.
Sorry, you're not good enough to have a special ability.
Casting: Foxfire (safe; 9% risk of failure)
Confirm with . or Enter, or press ? or * to list all spells.
You conjure some foxfire!
The rat bites you but does no damage.
You closely miss the rat.
The rat is moderately wounded.
The foxfire hits the rat.
You kill the rat!
The foxfire hits the hobgoblin.
The hobgoblin is heavily wounded.
A rat comes into view.
The hobgoblin closely misses you.
You have reached level 2!
Your demonic ancestry asserts itself...
You grow a small tail.
A goblin comes into view. It is wielding a +0 club.
The hobgoblin hits you. The hobgoblin barely misses you.
The hobgoblin closely misses you. The hobgoblin barely misses you.
The hobgoblin hits you but does no damage.
The hobgoblin hits you.
The hobgoblin hits you but does no damage.
The rat bites you but does no damage. The hobgoblin misses you.
The rat bites you. The hobgoblin hits you. The goblin barely misses you.
The rat bites you. The hobgoblin hits you.
* * * LOW HITPOINT WARNING * * *
The goblin barely misses you. The rat bites you.
* * * LOW HITPOINT WARNING * * *
The goblin hits you with a +0 club.
You die...

... #. .#.## ###[ .####
..... ... >[... .#..#
#.###..... .##.##
###.?..)..#
.##..#########.........#
...............##......#
####..###.......rg.....#
# ##...#.######@g.....#
# #......#####..#.....#
.# ####..###....##.....#
.# #.(....#### †#####
... #.....## .. ##.#
#...#.... .# ..#
#.#######.# .# .. #.. .#
...


You could see a hobgoblin, a goblin and a rat.

Vanquished Creatures
  An endoplasm (D:1)
  A giant cockroach (D:1)
  A hobgoblin (D:1)
  2 quokkas (D:1)
  A kobold (D:1)
  A rat (D:1)
7 creatures vanquished.

Vanquished Creatures (others)
  26 foxfires (D:1)
26 creatures vanquished.

Grand Total: 33 creatures vanquished

Notes
Turn   | Place    | Note
-------+----------+-------------------------------------------
     0 | D:1      | Essalna the Demonspawn Fire Elementalist began the quest
                  | for the Orb.
     0 | D:1      | Reached XP level 1. HP: 13/13 MP: 3/3
   324 | D:1      | Gained mutation: You have a small tail. [demonic ancestry]
   324 | D:1      | Reached XP level 2. HP: 18/19 MP: 0/5
   334 | D:1      | Slain by a goblin

Illustrated notes

Levels and vault maps discovered:
D:1:      minmay_arrival_three_doors, layout_rooms,
          dreamdust_ecumenical_altar_statues, minmay_cut_off

Action                   || total
-------------------------++-------
Melee: Unarmed           ||    14
 Cast: Foxfire           ||    15
Armor: Robe              ||     7
Dodge: Dodged            ||    16

Table legend: (Time is in decaauts)
 A = Elapsed time spent in this place.
 B = Non-inter-level travel time spent in this place.
 C = Inter-level travel time spent in this place.
 D = Time resting spent in this place.
 E = Time spent auto-exploring this place.
 F = Levels seen in this place.
 G = Mean time per level.
                   A        B        C        D        E       F      G
               +--------+--------+--------+--------+--------+-----+--------+
         Total |    334 |    334 |      0 |      0 |    249 |   1 |  334.0 |
       Dungeon |    334 |    334 |      0 |      0 |    249 |   1 |  334.0 |
               +--------+--------+--------+--------+--------+-----+--------+

Top non-repeatable levels by time:
     D:1: 334 daAuts
